 Dungeon Crawl Stone Soup version 0.28-a0-194-g42b4daccc1 (webtiles) character file.

Game seed: 17958654635800168539

88 timneilson the Covered (level 4, 0/28 HPs)
             Began as a Gargoyle Fighter on Aug 18, 2021.
             Slain by a water moccasin (7 damage)
             ... on level 3 of the Dungeon.
             The game lasted 00:03:23 (2659 turns).

timneilson the Covered (Gargoyle Fighter)           Turns: 2659, Time: 00:03:24

Health: 0/28       AC: 10    Str: 21    XL:     4   Next: 53%
Magic:  4/4        EV:  7    Int:  8    God:
Gold:   84         SH:  8    Dex:  9    Spells: 3/3 levels left

rFire   . . .      SeeInvis .   a - +0 long sword (flame)
rCold   . . .      Faith    .   c - +0 kite shield
rNeg    + . .      Spirit   .   b - +0 scale mail
rPois   ∞          Reflect  .   (no helmet)
rElec   +          Harm     .   (no cloak)
rCorr   .          Rampage  .   (no gloves)
Will    .....                   (no boots)
Stlth   ..........              (no amulet)
HPRegen 0.09/turn               (no ring)
MPRegen 0.09/turn               (no ring)

@: no status effects
A: sickness immunity, AC +3, negative energy resistance 1, electricity
resistance, torment resistance 1, petrification resistance
a: no special abilities


You were on level 3 of the Dungeon.
You visited 1 branch of the dungeon, and saw 3 of its levels.

You collected 84 gold pieces.

Inventory:

Hand Weapons
 a - a +0 long sword of flaming (weapon)
Armour
 b - a +0 scale mail (worn)
 c - a +0 kite shield (worn)
 g - a +0 chain mail
Scrolls
 f - a scroll of fog {unknown}
 j - a scroll of identify
Potions
 d - a potion of might
 e - a potion of berserk rage {unknown}
 h - a potion of haste {unknown}


   Skills:
 + Level 3.6 Fighting
 * Level 2.7 Long Blades
 * Level 4.1 Armour
 * Level 4.1 Shields


You had 3 spell levels left.
You didn't know any spells.
Your spell library was empty.

Dungeon Overview and Level Annotations

Branches:
Dungeon (3/15)

Altars:

Shops:
D:1 *   D:3 *


Innate Abilities, Weirdness & Mutations

You are immune to sickness and miasma.
Your stone body is resilient. (AC +3)
You are immune to poison.
You resist negative energy. (rN+)
You are resistant to electric shocks. (rElec)
You are resistant to unholy torment.
You are immune to petrification.


Message History

You miss the water moccasin.
The water moccasin is almost dead.
You block the water moccasin's attack.
The water moccasin bites you but does no damage.
You closely miss the water moccasin.
The water moccasin is almost dead.
The water moccasin bites you.
The water moccasin bites you but does no damage.
You barely miss the water moccasin.
The water moccasin is almost dead.
The water moccasin bites you but does no damage. x2
You closely miss the water moccasin.
The water moccasin is almost dead.
The water moccasin bites you. You block the water moccasin's attack.
You closely miss the water moccasin.
The water moccasin is almost dead.
The water moccasin bites you but does no damage.
The water moccasin barely misses you.
You miss the water moccasin.
The water moccasin is almost dead.
The water moccasin bites you. x2
* * * LOW HITPOINT WARNING * * *
You closely miss the water moccasin.
The water moccasin is almost dead.
The water moccasin bites you but does no damage.
The water moccasin bites you.
* * * LOW HITPOINT WARNING * * *
You barely miss the water moccasin.
The water moccasin is almost dead.
The water moccasin bites you but does no damage.
The water moccasin barely misses you.
You completely miss the water moccasin.
The water moccasin is almost dead.
The water moccasin barely misses you.
You riposte.
You miss the water moccasin.
The water moccasin is almost dead.
The water moccasin bites you but does no damage.
You hit the water moccasin but do no damage.
The water moccasin is almost dead.
The water moccasin bites you!
You die...

#....#.# #....†..# #######.## ##.
#..(.#.# #.##.#.####### #.## ##
#....#.# #.##.#.......# ##.## ##.
#.....(. ..##.#<.####.###...###.#
###..####........####.##.....#..#
..# #.##..................#.#
..∩.....####.##........#
...####.####.###...##### ..
#@.....# ##### . #S###### ..#
#..# ...# .#.## ... . #.


You could see a water moccasin.

Vanquished Creatures
  3 adders (D:2)
  4 dart slugs
  6 orcs
  4 endoplasms
  A giant cockroach (D:1)
  8 goblins
  4 hobgoblins
  2 quokkas (D:1)
  2 ball pythons
  4 bats
  2 kobolds (D:1)
  7 rats
47 creatures vanquished.

Notes
Turn   | Place    | Note
-------+----------+-------------------------------------------
     0 | D:1      | timneilson the Gargoyle Fighter began the quest for the
                  | Orb.
     0 | D:1      | Reached XP level 1. HP: 14/14 MP: 1/1
   283 | D:1      | Reached XP level 2. HP: 19/19 MP: 2/2
   286 | D:1      | Found Tunem's General Store.
   845 | D:1      | Found a faded altar of an unknown god.
   850 | D:1      | Reached XP level 3. HP: 21/23 MP: 3/3
  1623 | D:2      | Reached XP level 4. HP: 23/28 MP: 4/4
  2630 | D:3      | Found Syle Tah's General Store.
  2632 | D:3      | Noticed a water moccasin
  2659 | D:3      | Slain by a water moccasin

Illustrated notes

Levels and vault maps discovered:
D:1:      minmay_arrival_four_houses, layout_loops_corners,
          hellmonk_ecumenical_altar_inner_sanctum, serial_shops,
          nicolae_shop_statue_plus, hangedman_decor_clover_reticule,
          roderic_st_hans_cross
D:2:      layout_basic, serial_corexii_hall, corexii_hall_statues_l,
          corexii_hall_statues_l, st_stairs_10
D:3:      layout_loops_cross, slow_altar_2, serial_shops, shop,
          uniq_crazy_yiuf_cottage, uniq_robin

Skill      XL: |  1  2  3  4 |
---------------+-------------+-----
Long Blades    | 2 |  2.7
Armour         | 4 |  4.1
Shields        | 4 |  4.1
Fighting       | |  3.6

Action                   |  1- 3 |  4- 6 || total
-------------------------+-------+-------++-------
Melee: Long sword        |   112 |    56 ||   168
  Use: Scroll            |     4 |     3 ||     7
       Potion            |       |     1 ||     1
Armor: Scale mail        |    66 |    35 ||   101
Dodge: Dodged            |    35 |    20 ||    55
Block: Kite shield       |    55 |    22 ||    77
       Rpst.: Long sword |    10 |     9 ||    19

Table legend: (Time is in decaauts)
 A = Elapsed time spent in this place.
 B = Non-inter-level travel time spent in this place.
 C = Inter-level travel time spent in this place.
 D = Time resting spent in this place.
 E = Time spent auto-exploring this place.
 F = Levels seen in this place.
 G = Mean time per level.
                   A        B        C        D        E       F      G
               +--------+--------+--------+--------+--------+-----+--------+
         Total |   2743 |   2710 |     33 |     14 |   2270 |   3 |  914.3 |
       Dungeon |   2743 |   2710 |     33 |     14 |   2270 |   3 |  914.3 |
               +--------+--------+--------+--------+--------+-----+--------+

Top non-repeatable levels by time:
     D:2: 1299 daAuts
     D:1: 1139 daAuts
     D:3: 304 daAuts
